 Dungeon Crawl Stone Soup version 0.31-a0-236-g9a0961fb85 (webtiles) character file.

Game seed: 6356699120867118741

38 Nietzsche the Grave Robber (level 3, -2/19 HPs)
             Began as a Deep Elf Necromancer on July 10, 2023.
             Killed by divine providence
             ... invoked by an orc priest
              (13 damage)
             ... on level 3 of the Dungeon.
             The game lasted 00:05:47 (1476 turns).

Nietzsche the Grave Robber (Deep Elf Necromancer)   Turns: 1476, Time: 00:05:48

Health: -2/19      AC:  2    Str:  5    XL:     3   Next: 25%
Magic:  10/10      EV: 13    Int: 21    God:
Gold:   113        SH:  0    Dex: 15    Spells: 5/9 levels left

rFire   . . .        g - +1 dagger (protect)
rCold   . . .        (no shield)
rNeg    . . .        a - +0 robe
rPois   .            (no helmet)
rElec   .            (no cloak)
rCorr   .            (no gloves)
SInv    .            (no boots)
Will    .....        (no amulet)
Stlth   ++           (no ring)
HPRegen 0.23/turn    (no ring)
MPRegen 0.12/turn

%: no passive effects
@: no status effects
A: no striking features
a: no special abilities


You were on level 3 of the Dungeon.
You visited 1 branch of the dungeon, and saw 3 of its levels.

You collected 113 gold pieces.

Inventory:

Hand Weapons
 g - a +1 dagger of protection (weapon)
 k - a +3 dagger
 l - a +0 rapier
Missiles
 c - 2 throwing nets
Armour
 a - a +0 robe (worn)
Wands
 n - a wand of charming (4)
Scrolls
 e - a scroll of identify
 h - a scroll of poison {unknown}
 i - 2 scrolls of vulnerability {unknown}
 j - a scroll of fog {unknown}
Potions
 b - a potion of magic
 d - 3 potions of resistance
 f - 2 potions of mutation
 m - a potion of might {unknown}


   Skills:
 * Level 2.7 Dodging
 + Level 2.5 Stealth
 + Level 3.9 Spellcasting
 + Level 5.5 Necromancy


You had 5 spell levels left.
You knew the following spells:

 Your Spells              Type           Power      Damage    Failure   Level
a - Necrotise             Necr           100%       1d9       1%          1
b - Vampiric Draining     Necr           27%        2d7       3%          3

Your spell library contained the following spells:

 Spells                   Type           Power      Damage    Failure   Level
 Animate Dead             Necr           27%        N/A       12%         4
 Agony                    Necr           27%        N/A       34%         5


Dungeon Overview and Level Annotations

Branches:
Dungeon (3/15)

Altars:


Message History

Your hobgoblin skeleton closely misses the ball python.
The ball python bites your hobgoblin skeleton.
The ball python constricts your hobgoblin skeleton.
The ball python bites your hobgoblin skeleton.
Your hobgoblin skeleton is destroyed!
Casting: Necrotise (safe; 1% risk of failure)
Confirm with . or Enter, or press ? or * to list all spells.
Aiming: Necrotise (safe; 1% risk of failure)
Press: ? - help, Shift-Dir - straight line, f - ball python
Aim: a ball python (chance to affect: 93%)
The ball python writhes in agony.
You kill the ball python!
The dead are slithering!
You swap places.
There is a stone staircase leading up here.
Magic restored.
Your ball python skeleton crumbles into dust!
An orc comes into view. It is wielding a +0 short sword.
Casting: Necrotise (safe; 1% risk of failure)
Confirm with . or Enter, or press ? or * to list all spells.
You can't see any susceptible monsters within range! (Use Z to cast anyway.) Unknown command.
Found 15 gold pieces.
Casting: Necrotise (safe; 1% risk of failure)
Confirm with . or Enter, or press ? or * to list all spells.
You can't see any susceptible monsters within range! (Use Z to cast anyway.) Unknown command.
An orc priest and an orc wizard come into view.
The orc wizard is wielding a +2 dagger of holy wrath.
The orc priest shouts!
The orc shouts!
An orc comes into view. It is wielding a +0 club.
The orc priest mumbles some strange prayers to Beogh against you.
Beogh smites you!
Ouch! That really hurt!
* * * LOW HITPOINT WARNING * * *
There is a stone staircase leading up here.
The orc priest mumbles some strange prayers to Beogh against you.
Beogh smites you!
Ouch! That really hurt!
You die...

. ...#.
#.# #..#.
#o# #. #.
#.# #.#
#.# #.#
#o# #.#
#@#
###.###.#
........#
###.#####


You could see an orc priest and an orc.

Vanquished Creatures
  A worm (D:2)
  3 ball pythons
  2 endoplasms (D:1)
  3 giant cockroaches
  3 goblins
  3 hobgoblins
  2 jackals (D:1)
  4 kobolds
  A quokka (D:1)
  5 bats (D:1)
  A frilled lizard (D:2)
  3 rats
31 creatures vanquished.

Vanquished Creatures (collateral kills)
  A ball python (D:1)
1 creature vanquished.

Grand Total: 32 creatures vanquished

Notes
Turn   | Place    | Note
-------+----------+-------------------------------------------
     0 | D:1      | Nietzsche the Deep Elf Necromancer began the quest for the
                  | Orb.
     0 | D:1      | Reached XP level 1. HP: 10/10 MP: 6/6
    73 | D:1      | Reached skill level 5 in Necromancy
   172 | D:1      | Reached XP level 2. HP: 15/15 MP: 2/8
   550 | D:1      | Found a faded altar of an unknown god.
   755 | D:2      | Reached XP level 3. HP: 19/19 MP: 6/10
   759 | D:2      | Learned a level 3 spell: Vampiric Draining
  1476 | D:3      | Killed from afar by an orc priest

Illustrated notes

Levels and vault maps discovered:
D:1:      minmay_arrival_stone_box, layout_rooms,
          hellmonk_ecumenical_altar_inner_sanctum,
          amcnicky_mini_rare_corridor_liquid, hangedman_decor_peaks_small,
          serial_park_tiny_2, corexii_hall_statues_s
D:2:      layout_loops_ring
D:3:      layout_loops_ring

Skill      XL: |  1 |
---------------+----+-----
Necromancy     | 5 |  5.5
Dodging        | |  2.7
Stealth        | |  2.5
Spellcasting   | |  3.9

Action                     || total
---------------------------++-------
   Cast: Necrotise         ||    48
    Use: Scroll            ||     3
 Armour: Robe              ||     2
  Dodge: Dodged            ||    10

Table legend: (Time is in decaauts)
 A = Elapsed time spent in this place.
 B = Non-inter-level travel time spent in this place.
 C = Inter-level travel time spent in this place.
 D = Time resting spent in this place.
 E = Time spent auto-exploring this place.
 F = Levels seen in this place.
 G = Mean time per level.
                   A        B        C        D        E       F      G
               +--------+--------+--------+--------+--------+-----+--------+
         Total |   1475 |   1433 |     42 |      0 |   1083 |   3 |  491.7 |
       Dungeon |   1475 |   1433 |     42 |      0 |   1083 |   3 |  491.7 |
               +--------+--------+--------+--------+--------+-----+--------+

Top non-repeatable levels by time:
     D:1: 744 daAuts
     D:2: 663 daAuts
     D:3: 67 daAuts
